 Dungeon Sprint DCSS version 0.29-a0-23-ga79f92ac9c (webtiles) character file.

Game seed: 4028357188206211631

969 mhtbhm the Protected (level 8, 0/57 HPs)
             Began as a Gargoyle Fighter on Jan 31, 2022.
             Was an Initiate of Qazlal.
             Slain by a deep troll (13 damage)
             ... in the Dungeon (Sprint I: "Red Sonja").
             The game lasted 00:02:14 (735 turns).

mhtbhm the Protected (Gargoyle Fighter)              Turns: 735, Time: 00:02:15

Health: 0/57       AC: 14    Str: 21    XL:     8   Next: 16%
Magic:  8/8        EV: 10    Int: 10    God:    Qazlal [......]
Gold:   348        SH:  6    Dex:  9    Spells: 7/7 levels left

rFire   . . .      SeeInvis .   a - +0 flail
rCold   . . .      Faith    .   c - +0 buckler
rNeg    + + .      Spirit   .   b - +0 scale mail
rPois   ∞          Reflect  .   (no helmet)
rElec   +          Harm     .   (no cloak)
rCorr   .          Rampage  .   (no gloves)
Will    .....      NoTele   +   (no boots)
Stlth   ..........              (no amulet)
HPRegen 0.19/turn               i - ring of positive energy
MPRegen 0.11/turn               (no ring)

@: mighty, hasted, very quick
A: sickness immunity, AC +5, negative energy resistance 1, electricity
resistance, torment resistance 1, petrification resistance
a: Renounce Religion


You were in the Dungeon.
You worshipped Qazlal.
Qazlal was noncommittal.
You visited 1 branch You collected 604 gold pieces.
You spent 256 gold pieces at shops.

Inventory:

Hand Weapons
 a - a +0 flail (weapon)
Missiles
 m - 6 javelins (quivered)
 p - 2 curare-tipped darts
Armour
 b - a +0 scale mail (worn)
 c - a +0 buckler (worn)
Jewellery
 i - a ring of positive energy (left hand)
Wands
 k - a wand of iceblast (4)
Scrolls
 j - a scroll of blinking
 n - a scroll of fear
 o - a scroll of identify
Potions
 d - a potion of might
 e - 4 potions of curing
 h - 2 potions of magic
 l - a potion of mutation
 q - a potion of lignification {unknown}


   Skills:
 + Level 10.1 Fighting
 + Level 8.3 Maces & Flails
 + Level 10.4 Armour
 + Level 1.0 Dodging
 + Level 9.8 Shields
 - Level 2.6 Evocations


You had 7 spell levels left.
You didn't know any spells.
Your spell library contained the following spells:

 Spells                   Type           Power      Damage    Failure   Level
 Shock                    Conj/Air       0%         1d3       71%         1
 Swiftness                Air            0%         N/A       97%         3
 Airstrike                Air            0%         N/A       100%        4


Dungeon Overview and Level Annotations

Branches:
Dungeon (1/1)

Altars:
Cheibriados
Dithmenos
Elyvilon
Fedhas
Gozag
Hepliaklqana
Kikubaaqudgha
Nemelex Xobeh
Okawaru
Qazlal
Ru
Sif Muna
Trog
Uskayaw
Vehumet
Wu Jian
Yredelemnul
Zin
The Shining One

Shops:
D [*


Innate Abilities, Weirdness & Mutations

You are immune to sickness and miasma.
Your stone body is resilient. (AC +5)
You are immune to poison.
You resist negative energy. (rN+)
You are resistant to electric shocks. (rElec)
You are resistant to unholy torment.
You are immune to petrification.


Message History

A deep troll comes into view.
The deep troll shouts!
Found 108 gold pieces.
Unknown command.
There is an open door here.
Okay, then.
You feel very mighty all of a sudden. The deep troll closely misses you.
The deep troll claws you but does no damage.
The deep troll claws you.
You barely miss the deep troll. The deep troll bites you.
The deep troll claws you.
The deep troll claws you but does no damage.
You closely miss the deep troll.
The deep troll bites you but does no damage.
The deep troll barely misses you. The deep troll claws you.
You hit the deep troll.
The deep troll is lightly wounded.
The deep troll barely misses you. You block the deep troll's attack.
The deep troll claws you but does no damage.
You sock the deep troll!
The deep troll is lightly wounded.
You block the deep troll's attack.
The deep troll claws you but does no damage.
The deep troll claws you.
You hit the deep troll.
The deep troll is moderately wounded.
The deep troll bites you! The deep troll claws you!
The deep troll closely misses you.
You sock the deep troll!
The deep troll is heavily wounded.
The deep troll bites you!
* * * LOW HITPOINT WARNING * * *
You block the deep troll's attack. The deep troll barely misses you.
You feel much better. The deep troll bites you.
The deep troll claws you but does no damage. x2
You feel yourself speed up. The deep troll bites you!
* * * LOW HITPOINT WARNING * * *
The deep troll barely misses you. The deep troll claws you!
You die...

#..#####'#####'#
#..####..#...#.#
#..#__####).##.#
#..#_____##'#_.+
#⌠⌠#_.∩...÷..._#
####_..__##_.#'#
#_____###'#(#
############.####+###
#∩........'...@T$.$$+
###++++####...#######
###.### #.#'#.#
#.....# #.(...#
#######


You could see a deep troll.

Vanquished Creatures
  Sonja (D)
  Sigmund (D)
  A yak (D)
  An ogre (D)
  A jelly (D)
  Ijyb (D)
6 creatures vanquished.

Vanquished Creatures (others)
  2 ballistomycete spores (D)
2 creatures vanquished.

Grand Total: 8 creatures vanquished

Notes
Turn   | Place    | Note
-------+----------+-------------------------------------------
     0 | D        | mhtbhm the Gargoyle Fighter began the quest for the Orb.
     0 | D        | Reached XP level 1. HP: 14/14 MP: 1/1
     1 | D        | Noticed Ijyb
    11 | D        | Killed Ijyb
    12 | D        | Reached XP level 2. HP: 13/20 MP: 2/2
    12 | D        | Reached XP level 3. HP: 16/24 MP: 3/3
   109 | D        | Noticed an ogre
   114 | D        | Killed an ogre
   115 | D        | Reached XP level 4. HP: 32/32 MP: 4/4
   161 | D        | Noticed Sigmund
   164 | D        | Killed Sigmund
   165 | D        | Reached skill level 5 in Maces & Flails
   165 | D        | Reached XP level 5. HP: 27/38 MP: 5/5
   165 | D        | Reached XP level 6. HP: 31/44 MP: 6/6
   265 | D        | Found an ornate altar of the Wu Jian Council.
   265 | D        | Found a shimmering blue altar of Sif Muna.
   267 | D        | Found a radiant altar of Vehumet.
   273 | D        | Reached skill level 1 in Evocations
   377 | D        | Found Gisefaf's General Store.
   377 | D        | Found an ancient bone altar of Kikubaaqudgha.
   377 | D        | Found a hazy altar of Hepliaklqana.
   377 | D        | Found a stormy altar of Qazlal.
   377 | D        | Found a hide-covered altar of Uskayaw.
   377 | D        | Found a blossoming altar of Fedhas.
   377 | D        | Found a bloodstained altar of Trog.
   377 | D        | Found an iron altar of Okawaru.
   377 | D        | Found a basalt altar of Yredelemnul.
   377 | D        | Found a glowing golden altar of the Shining One.
   377 | D        | Found a snail-covered altar of Cheibriados.
   377 | D        | Found a sacrificial altar of Ru.
   377 | D        | Found a glowing silver altar of Zin.
   377 | D        | Found a shadowy altar of Dithmenos.
   377 | D        | Found a white marble altar of Elyvilon.
   377 | D        | Noticed a yak
   386 | D        | Killed a yak
   387 | D        | Found an opulent altar of Gozag.
   388 | D        | Found a sparkling altar of Nemelex Xobeh.
   392 | D        | Bought a potion of mutation for 112 gold pieces
   392 | D        | Bought 6 javelins for 67 gold pieces
   392 | D        | Bought a scroll of fear for 49 gold pieces
   392 | D        | Bought a scroll of identify for 28 gold pieces
   629 | D        | Became a worshipper of Qazlal Stormbringer
   636 | D        | Noticed Sonja
   639 | D        | Killed Sonja
   640 | D        | Reached skill level 10 in Fighting
   640 | D        | Reached skill level 10 in Armour
   640 | D        | Reached skill level 1 in Dodging
   640 | D        | Reached XP level 7. HP: 52/52 MP: 7/7
   640 | D        | Reached XP level 8. HP: 57/57 MP: 8/8
   669 | D        | Found Ocuumyet's Armour Boutique.
   725 | D        | Noticed a deep troll
   735 | D        | Slain by a deep troll

Illustrated notes

Levels and vault maps discovered:
D:        dungeon_sprint_1 [red_sonja_temple_1, red_sonja_temple_small_1]

Skill      XL: |  1  2  3  4  5  6 |
---------------+-------------------+-----
Fighting       | 4 6 7 10 | 10.1
Armour         | 4 6 8 10 | 10.4
Shields        | 4 6 7 9 |  9.8
Maces & Flails | 4 5 8 |  8.3
Evocations     | 2 |  2.6
Dodging        | 1 |  1.0

Action                   |  1- 3 |  4- 6 |  7- 9 || total
-------------------------+-------+-------+-------++-------
Melee: Flail             |    12 |    13 |     6 ||    31
Evoke: Wand              |     1 |     6 |       ||     7
  Use: Potion            |     1 |       |     3 ||     4
Armor: Scale mail        |     3 |     2 |     7 ||    12
Dodge: Dodged            |     5 |     4 |     6 ||    15
Block: Buckler           |     2 |     3 |     3 ||     8

Table legend: (Time is in decaauts)
 A = Elapsed time spent in this place.
 B = Non-inter-level travel time spent in this place.
 C = Inter-level travel time spent in this place.
 D = Time resting spent in this place.
 E = Time spent auto-exploring this place.
 F = Levels seen in this place.
 G = Mean time per level.
                   A        B        C        D        E       F      G
               +--------+--------+--------+--------+--------+-----+--------+
         Total |    749 |    749 |      0 |    494 |      1 |   1 |  749.0 |
       Dungeon |    749 |    749 |      0 |    494 |      1 |   1 |  749.0 |
               +--------+--------+--------+--------+--------+-----+--------+

Top non-repeatable levels by time:
       D: 749 daAuts
